 Dungeon Crawl Stone Soup version 0.17-a0-2093-gc772f4b (webtiles) character file.

144 ololoev the Firebug (level 5, 35/35 HPs)
             Began as a Demonspawn Fire Elementalist on Oct 16, 2015.
             Quit the game on level 3 of the Dungeon.
             The game lasted 00:07:41 (3433 turns).

ololoev the Firebug (Demonspawn Fire Elementalist)  Turns: 3433, Time: 00:07:42

Health: 35/35      AC:  2    Str:  8    XL:     5   Next: 5%
Magic:  5/9        EV: 13    Int: 17    God:
Gold:   145        SH:  0    Dex: 20    Spells: 3 memorised, 1 level left

rFire  . . .     SeeInvis .     g - +0 dagger
rCold  . . .     Clarity  .     a - +0 robe
rNeg   . . .     SustAt   .     (no shield)
rPois  .         Gourm    .     (helmet restricted)
rElec  .         Spirit   .     (no cloak)
rCorr  .         Warding  .     (no gloves)
rMut   .         Stasis   .     (no boots)
MR     .....                    (no amulet)
Stlth  +++.......               (no ring)
                                q - +4 ring of dexterity

@: not resistant to hostile enchantments, fairly stealthy
A: antennae 1, thin skeletal structure 1, powered by pain 1
a: no special abilities


Innate Abilities, Weirdness & Mutations

You have a pair of small antennae on your head.
You have a somewhat thin skeletal structure (Dex +2, Stealth).
You sometimes gain a little power by taking damage.

Inventory:

Hand Weapons
 g - a +0 dagger (weapon)
Armour
 a - a +0 robe (worn)
 r - a +1 helmet
Jewellery
 q - a +4 ring of dexterity (left hand)
Scrolls
 d - a scroll of enchant armour {unknown}
 e - 2 scrolls of remove curse {unknown}
 f - 2 scrolls of teleportation {unknown}
 h - a scroll of fog {unknown}
 l - a scroll of immolation {unknown}
 o - a scroll of blinking {unknown}
 p - a scroll of amnesia {unknown}
Potions
 i - a potion of mutation {unknown}
 k - 2 potions of curing {unknown}
 n - 2 potions of invisibility {unknown}
Books
 b - a book of Flames

   Spells                             Type                      Level
   a - Flame Tongue                   Conjuration/Fire             1
   b - Throw Flame                    Conjuration/Fire             2
   c - Conjure Flame                  Conjuration/Fire             3
   d - Inner Flame                    Hexes/Fire                   3
   e - Sticky Flame                   Conjuration/Fire             4
   f - Fireball                       Conjuration/Fire             5
Comestibles
 c - 4 bread rations
 j - a slice of pizza
 m - a meat ration


   Skills:
 - Level 1.7 Dodging
 - Level 1.7 Stealth
 + Level 2.6 Spellcasting
 * Level 3.5 Conjurations
 + Level 3.6 Fire Magic


You had one spell level left.
You knew the following spells:

 Your Spells              Type           Power        Failure   Level  Hunger
a - Flame Tongue          Conj/Fire      ##...        4%          1    #......
b - Conjure Flame         Conj/Fire      ##......     14%         3    ###....
c - Sticky Flame          Conj/Fire      ##......     45%         4    #####..


You were on level 3 of the Dungeon.
You were not hungry.

You visited 1 branch of the dungeon, and saw 3 of its levels.

You collected 145 gold pieces.

................
####..........#.........
...#....................
......#'#'#......(#.....
#........#....<...)....
#.......#..)....#..... .
#...............#.#...
..##...†#.#.......#.#...
..'....@................
..#..#....#.........#...
#..'....####........## .....#
##..#..).## #..........
.....######...###...# ..........
.....##.......# #...# ..........
..............###...# ..........
................)...###..........
..)....##.####........#.....#####

Notes
Turn   | Place    | Note
--------------------------------------------------------------
     0 | D:1      | ololoev the Demonspawn Fire Elementalist began the quest for the Orb.
     0 | D:1      | Reached XP level 1. HP: 13/13 MP: 3/3
   415 | D:1      | Gained mutation: You sometimes gain a little power by taking damage. [demonic ancestry]
   415 | D:1      | Reached XP level 2. HP: 16/19 MP: 3/5
   691 | D:1      | Reached skill level 3 in Fire Magic
  1050 | D:1      | You fall through a shaft!
  1138 | D:2      | Reached XP level 3. HP: 24/24 MP: 3/6
  1816 | D:2      | Found a sparkling altar of Nemelex Xobeh.
  2187 | D:2      | Gained mutation: You have a somewhat thin skeletal structure (Dex +2, Stealth). [demonic ancestry]
  2187 | D:2      | Reached XP level 4. HP: 25/30 MP: 1/7
  2363 | D:3      | Found a white marble altar of Elyvilon.
  2850 | D:3      | Found a snail-covered altar of Cheibriados.
  2931 | D:3      | Learned a level 3 spell: Conjure Flame
  2936 | D:3      | Learned a level 4 spell: Sticky Flame
  3090 | D:3      | Noticed Robin
  3132 | D:3      | Killed Robin
  3432 | D:3      | Gained mutation: You have a pair of small antennae on your head. [demonic ancestry]
  3432 | D:3      | Reached XP level 5. HP: 35/35 MP: 5/9
  3433 | D:3      | Quit the game

Dungeon Overview and Level Annotations

Branches:
Dungeon (3/15)

Altars:
Cheibriados
Elyvilon
Nemelex Xobeh


Message History

Aiming: Flame Tongue
Press: ? - help, Shift-Dir - straight line, f/p - goblin
Aim: a goblin, wielding a club (moderately wounded)
The flame tongue hits the goblin.
You kill the goblin!
You start resting.
Magic restored.
Casting: Flame Tongue
Confirm with . or Enter, or press ? or * to list all spells.
You can't see any susceptible monsters within range! (Use Z to cast anyway.)
Casting: Flame Tongue
Confirm with . or Enter, or press ? or * to list all spells.
You can't see any susceptible monsters within range! (Use Z to cast anyway.)
Casting: Flame Tongue
Confirm with . or Enter, or press ? or * to list all spells.
Aiming: Flame Tongue
Press: ? - help, Shift-Dir - straight line, f - adder
Aim: an adder (resting)
The flame tongue hits the adder.
The adder is moderately wounded.
Casting: Flame Tongue
Confirm with . or Enter, or press ? or * to list all spells.
Aiming: Flame Tongue
Press: ? - help, Shift-Dir - straight line, f/p - adder
Aim: an adder (moderately wounded)
The flame tongue hits the adder.
The adder is severely wounded.
The adder bites you but does no damage.
Casting: Flame Tongue
Confirm with . or Enter, or press ? or * to list all spells.
Aiming: Flame Tongue
Press: ? - help, Shift-Dir - straight line, f/p - adder
Aim: an adder (severely wounded)
The flame tongue hits the adder.
You kill the adder!
You have reached level 5!
Your demonic ancestry asserts itself...
A pair of antennae grows on your head!
Your +1 helmet falls away!
Are you sure you want to abandon this character and quit the game? (Confirm with "yes".)

There were no monsters in sight!

Vanquished Creatures
  Robin (D:3)
  7 adders
  An ooze (D:1)
  2 giant geckos (D:2)
  3 orcs (D:3)
  A ball python (D:2)
  10 bats
  4 giant cockroaches
  5 hobgoblins
  3 jackals (D:2)
  A quokka (D:3)
  2 giant newts
  11 goblins
  5 kobolds
  5 rats
61 creatures vanquished.

Action                   |  1- 3 |  4- 6 || total
-------------------------+-------+-------++-------
Melee: Unarmed           |    22 |       ||    22
       Dagger            |    41 |    13 ||    54
 Cast: Flame Tongue      |    64 |    54 ||   118
 Stab: Sleeping          |     1 |       ||     1
  Eat: Chunk             |     5 |     4 ||     9

Vault maps used:
D:1:      minmay_arrival_split_and_join
D:2:      lemuel_round_altar
D:3:      grunt_temple_overflow_gold_and_silver, overflow_temple_1_default,
          grunt_temple_overflow_open, elyvilon_altar_5, uniq_robin
